[Event "FIDE WCCC Open-12 2024"]
[Site "Montesilvano"]
[Date "2024.11.18"]
[Round "2.47"]
[White "Zutautas, Mantas"]
[Black "Konstantinides, Savvas"]
[Result "0-1"]
[ECO "D02"]
[WhiteElo "1540"]
[BlackElo "1839"]
[PlyCount "46"]
[EventDate "2024.11.18"]
[EventType "swiss"]
[EventCountry "ITA"]
[TimeControl "5400+30"]

1. d4 Nf6 2. Nf3 e6 3. Bf4 d5 4. h3 Bd6 5. Bxd6 Qxd6 6. e3 b6 7. c3 Bb7 8. Bd3 O-O 9. Nbd2 Nbd7 10. O-O c5 11. Rc1 e5 12. dxe5 Nxe5 13. Nxe5 Qxe5 14. Nf3 Qe7 15. c4 Rfd8 16. Qb3 Rd6 17. Rfd1 d4 18. exd4 Bxf3 19. Re1 Qd7 20. gxf3 Rxd4 21. Re3 Qxh3 22. Qb5 Rh4 23. f4 Qh1# 0-1

[Event "FIDE WCCC Open-12 2024"]
[Site "Montesilvano"]
[Date "2024.11.18"]
[Round "2.48"]
[White "Kozhedub, Ivan"]
[Black "Wang, Yu-Chi Xavier"]
[Result "1-0"]
[ECO "C28"]
[WhiteElo "1826"]
[BlackElo "1543"]
[PlyCount "53"]
[EventDate "2024.11.18"]
[EventType "swiss"]
[EventCountry "ITA"]
[TimeControl "5400+30"]

1. e4 e5 2. Nc3 Nf6 3. Bc4 Nc6 4. d3 Na5 5. Nge2 c6 6. Bg5 Bc5 7. O-O O-O 8. Kh1 Nxc4 9. dxc4 d6 10. Qd3 h6 11. Bh4 g5 12. Bg3 Nh7 13. Rad1 f5 14. Bxe5 fxe4 15. Nxe4 Re8 16. Nf6+ Nxf6 17. Qg6+ Kf8 18. Bxf6 Qd7 19. Qxh6+ Kf7 20. Ng3 Rg8 21. Bc3 Qe6 22. Qh7+ Kf8 23. Rde1 Qf7 24. Qh6+ Rg7 25. Bxg7+ Qxg7 26. Re8+ Kxe8 27. Qxg7 1-0

[Event "FIDE WCCC Open-12 2024"]
[Site "Montesilvano"]
[Date "2024.11.18"]
[Round "2.49"]
[White "Huang, Hao-Xuan"]
[Black "Le, Anh Tu"]
[Result "0-1"]
[ECO "B22"]
[WhiteElo "1516"]
[BlackElo "1812"]
[PlyCount "82"]
[EventDate "2024.11.18"]
[EventType "swiss"]
[EventCountry "ITA"]
[TimeControl "5400+30"]

1. e4 c5 2. c3 Nf6 3. e5 Nd5 4. d4 cxd4 5. cxd4 Nc6 6. Bc4 Nb6 7. Bb3 d6 8. exd6 e6 9. Nf3 Qxd6 10. O-O Be7 11. Nc3 O-O 12. Be3 Rd8 13. Qe2 Na5 14. Bc2 Bd7 15. Ne5 f5 16. Rfd1 Bf6 17. f4 Rac8 18. Rac1 Nac4 19. Bb3 Na5 20. Bc2 a6 21. Qf3 Nac4 22. Rb1 Nxb2 23. Rxb2 Rxc3 24. Qxb7 Nd5 25. Bd2 Rc7 26. Qb3 Rdc8 27. Ba5 Ra7 28. Qf3 Bxe5 29. fxe5 Qe7 30. Bxf5 Rf8 31. Qb3 Rxf5 32. Qb8+ Be8 33. Bd8 Qf7 34. Rdb1 Ne3 35. h3 Rf1+ 36. Rxf1 Qxf1+ 37. Kh2 Qf4+ 38. Kg1 Rf7 39. Ba5 Rf8 40. Bb4 Qxd4 41. Bxf8 Ng4+ 0-1

[Event "FIDE WCCC Open-12 2024"]
[Site "Montesilvano"]
[Date "2024.11.18"]
[Round "2.50"]
[White "Lee, Tsuen Jin Aiesec"]
[Black "Macia Tell, Dario"]
[Result "1-0"]
[ECO "B51"]
[WhiteElo "1806"]
[BlackElo "1520"]
[PlyCount "111"]
[EventDate "2024.11.18"]
[EventType "swiss"]
[EventCountry "ITA"]
[TimeControl "5400+30"]

1. e4 c5 2. Nf3 d6 3. Bb5+ Nd7 4. c4 a6 5. Ba4 Ngf6 6. Nc3 g6 7. d3 Bg7 8. h3 O-O 9. Be3 e6 10. O-O Nb6 11. Bb3 e5 12. a3 Be6 13. Qd2 Qd7 14. Bc2 Qc7 15. b4 Nbd7 16. Ng5 a5 17. Nb5 Qb6 18. bxa5 Rxa5 19. Nxd6 Rb8 20. Rfb1 Qc7 21. Nb5 Qd8 22. f4 Ra6 23. Rf1 exf4 24. Bxf4 Rc8 25. Rab1 Nf8 26. Qf2 h6 27. Nxe6 Nxe6 28. Be5 Ng5 29. Bc3 Qe7 30. e5 Nd7 31. h4 Nh7 32. Nd6 Rf8 33. Rxb7 Bxe5 34. Bxe5 Qxe5 35. Rxd7 Rxd6 36. Rxf7 Rf6 37. Rxf8+ Rxf8 38. Qe1 Rxf1+ 39. Kxf1 Qb2 40. Qe6+ Kg7 41. Qe7+ Kg8 42. Qe8+ Kg7 43. Qa4 Qc1+ 44. Ke2 Qf4 45. Qd7+ Kg8 46. Qc8+ Kg7 47. Qb7+ Kg8 48. Qe4 Qc1 49. Qxg6+ Kh8 50. d4 Nf8 51. Qf5 Kg8 52. d5 Qxa3 53. d6 Qa8 54. Be4 Qa2+ 55. Kf3 Qxc4 56. Bd5+ {[%emt 0:13:30] Qa2 Be4 Qb3+ Kf4 Qc4 Kf3} 1-0

[Event "FIDE WCCC Open-12 2024"]
[Site "Montesilvano"]
[Date "2024.11.18"]
[Round "2.51"]
[White "Lenoks, Martin Jr."]
[Black "Liu, Richard Jingjie"]
[Result "0-1"]
[ECO "C50"]
[WhiteElo "1514"]
[BlackElo "1795"]
[PlyCount "34"]
[EventDate "2024.11.18"]
[EventType "swiss"]
[EventCountry "ITA"]
[TimeControl "5400+30"]

1. e4 e5 2. Nf3 Nc6 3. Bc4 Bc5 4. Nc3 d6 5. h3 Be6 6. Bxe6 fxe6 7. d3 Nf6 8. Bg5 O-O 9. O-O Ne7 10. d4 exd4 11. Nxd4 Bxd4 12. Qxd4 Ng6 13. Qb4 h6 14. Bxf6 Qxf6 15. Qxb7 Nf4 16. Qxc7 Qg6 17. Kh2 Qxg2# 0-1

[Event "FIDE WCCC Open-12 2024"]
[Site "Montesilvano"]
[Date "2024.11.18"]
[Round "2.52"]
[White "Zhang, Sean"]
[Black "Sharku, Uvejs"]
[Result "1-0"]
[ECO "D02"]
[WhiteElo "1789"]
[BlackElo "1516"]
[PlyCount "41"]
[EventDate "2024.11.18"]
[EventType "swiss"]
[EventCountry "ITA"]
[TimeControl "5400+30"]

1. d4 d5 2. Bf4 Bf5 3. e3 e6 4. Nf3 c5 5. Bxb8 Qxb8 6. Bb5+ Kd8 7. c4 Qd6 8. cxd5 a6 9. Bd3 Bxd3 10. Qxd3 Qxd5 11. Nc3 Qd6 12. Rd1 Kc7 13. Ne4 Qd5 14. O-O Rd8 15. Qc2 Qc6 16. Ne5 Qe8 17. Nxc5 Bxc5 18. Qxc5+ Kb8 19. Rc1 f6 20. Qc7+ Ka8 21. Nf7 1-0

[Event "FIDE WCCC Open-12 2024"]
[Site "Montesilvano"]
[Date "2024.11.18"]
[Round "2.53"]
[White "Pham, Le Thao Nguyen"]
[Black "Mohd Firdaus, Firast Haiqal"]
[Result "1-0"]
[ECO "B01"]
[WhiteElo "2384"]
[BlackElo "1514"]
[PlyCount "45"]
[EventDate "2024.11.18"]
[EventType "swiss"]
[EventCountry "ITA"]
[TimeControl "5400+30"]

1. e4 d5 2. exd5 Qxd5 3. Nc3 Qd8 4. d4 Nf6 5. Bc4 Bf5 6. Qf3 Qc8 7. Bf4 c6 8. Bb3 e6 9. Nge2 Bb4 10. O-O-O Bg4 11. Qg3 Bxc3 12. Nxc3 Bxd1 13. Qxg7 Rg8 14. Qxf6 Bh5 15. Ne4 Qd8 16. Qe5 Nd7 17. Nd6+ Ke7 18. Qxh5 Rg7 19. Re1 Nf6 20. Qe5 Rg6 21. Bxe6 Nd7 22. Nf5+ Kf8 23. Qh8+ 1-0

[Event "FIDE WCCC Open-12 2024"]
[Site "Montesilvano"]
[Date "2024.11.18"]
[Round "2.54"]
[White "Pennacchia, Domenico"]
[Black "Wang, Zihao(Sh)"]
[Result "0-1"]
[ECO "E14"]
[WhiteElo "1510"]
[BlackElo "1838"]
[PlyCount "76"]
[EventDate "2024.11.18"]
[EventType "swiss"]
[EventCountry "ITA"]
[TimeControl "5400+30"]

1. d4 Nf6 2. Nf3 e6 3. e3 b6 4. c4 Bb7 5. Be2 Bb4+ 6. Bd2 a5 7. a3 Be7 8. Nc3 c5 9. O-O O-O 10. Qb3 d6 11. Na4 Nbd7 12. dxc5 dxc5 13. Rfd1 Qc7 14. Nc3 Bc6 15. Nb5 Qb7 16. Bc3 Ne4 17. Ne5 Nxc3 18. Nxc6 Nxe2+ 19. Kf1 Qxc6 20. Kxe2 Ne5 21. Qc3 Bf6 22. Rd6 Qxg2 23. Qd2 Nxc4 24. Qd3 Nxd6 25. Qxd6 Rad8 26. Qxb6 Qg4+ 27. Ke1 Qg1+ 28. Ke2 Qxa1 29. Nd6 Rxd6 30. Qxd6 Qxb2+ 31. Kf3 Rd8 32. Qxc5 h6 33. Qxa5 Rd2 34. Qa8+ Kh7 35. Qe4+ g6 36. Qc6 Rxf2+ 37. Kg3 Be5+ 38. Kg4 Qe2+ 0-1

[Event "FIDE WCCC Open-12 2024"]
[Site "Montesilvano"]
[Date "2024.11.18"]
[Round "2.55"]
[White "Mai, Duc Kien"]
[Black "Kim, Derek Minwoo"]
[Result "1-0"]
[ECO "C50"]
[WhiteElo "1771"]
[BlackElo "1699"]
[PlyCount "133"]
[EventDate "2024.11.18"]
[EventType "swiss"]
[EventCountry "ITA"]
[TimeControl "5400+30"]

1. e4 e5 2. Nf3 Nc6 3. Bc4 Bc5 4. O-O d6 5. c3 Bg4 6. d3 h6 7. a4 a5 8. Be3 Nf6 9. Qb3 Qd7 10. Nbd2 O-O 11. Bxc5 dxc5 12. Rad1 Nh5 13. Bd5 Nf4 14. Bxc6 bxc6 15. Nxe5 Bxd1 16. Rxd1 Qd6 17. Ndc4 Qe6 18. g3 Nh3+ 19. Kg2 Rfb8 20. Qa2 Kh7 21. f4 f6 22. f5 Qe8 23. Ng6 Ng5 24. Qb1 Rd8 25. Re1 Qd7 26. Re3 Nf7 27. Nf4 Re8 28. Ne6 Nd6 29. Nxc5 Qc8 30. Nxd6 cxd6 31. Ne6 d5 32. d4 Rb8 33. e5 Qb7 34. Re2 Qb3 35. exf6 gxf6 36. Qd3 Qa2 37. b4 Qxa4 38. Qf3 Qb5 39. Qh5 Qb7 40. Qg6+ Kh8 41. Qxf6+ Kh7 42. Qg6+ Kh8 43. Qxh6+ Qh7 44. Qxh7+ Kxh7 45. bxa5 Kg8 46. Kf3 Re7 47. Kf4 Ra8 48. Ke5 Rxa5 49. g4 Ra8 50. g5 Rd8 51. g6 Rde8 52. Kd6 Ra7 53. f6 c5 54. f7+ Rxf7 55. gxf7+ Kxf7 56. Ng5+ Kf8 57. Rxe8+ Kxe8 58. dxc5 d4 59. cxd4 Kd8 60. c6 Kc8 61. c7 Kb7 62. Kd7 Ka7 63. c8=Q Kb6 64. Qc5+ Kb7 65. Qb5+ Ka8 66. Kc7 Ka7 67. Qa5# 1-0

[Event "FIDE WCCC Open-12 2024"]
[Site "Montesilvano"]
[Date "2024.11.18"]
[Round "2.56"]
[White "Sobirov, Feruzbek"]
[Black "Lee, Daniel Joshua"]
[Result "0-1"]
[ECO "D00"]
[WhiteElo "1487"]
[BlackElo "1765"]
[PlyCount "38"]
[EventDate "2024.11.18"]
[EventType "swiss"]
[EventCountry "ITA"]
[TimeControl "5400+30"]

1. d4 d5 2. Nc3 Nf6 3. Bf4 e6 4. e3 Bb4 5. Bd3 c5 6. dxc5 Nbd7 7. Nf3 Nxc5 8. O-O Nxd3 9. cxd3 O-O 10. Qb3 Be7 11. Nb5 Bd7 12. Nc7 Rc8 13. Qxb7 Nh5 14. Na6 Nxf4 15. exf4 Bc6 16. Qb3 Qa5 17. Ne5 Qxa6 18. Rac1 Ba4 19. Rxc8 Rxc8 0-1

[Event "FIDE WCCC Open-12 2024"]
[Site "Montesilvano"]
[Date "2024.11.18"]
[Round "2.58"]
[White "Mamarasulov, Husan"]
[Black "Ilcic, Aleksa"]
[Result "0-1"]
[ECO "E62"]
[WhiteElo "1407"]
[BlackElo "1757"]
[PlyCount "68"]
[EventDate "2024.11.18"]
[EventType "swiss"]
[EventCountry "ITA"]
[TimeControl "5400+30"]

1. d4 Nf6 2. c4 g6 3. g3 Bg7 4. Bg2 O-O 5. Nf3 d6 6. Nc3 c6 7. O-O Qa5 8. Re1 e5 9. e4 Bg4 10. Be3 Nbd7 11. h3 Bxf3 12. Bxf3 Rfe8 13. d5 cxd5 14. exd5 Rac8 15. Nb5 Bf8 16. b3 a6 17. Bd2 Qb6 18. Nc3 Nc5 19. Qc2 Bg7 20. Be3 Nfd7 21. Rab1 Qc7 22. b4 e4 23. Be2 Nd3 24. Bxd3 exd3 25. Qxd3 Ne5 26. Qd1 Nxc4 27. Ne2 Nxe3 28. fxe3 Rxe3 29. Rc1 Qd7 30. Qd2 Rce8 31. Kg2 Bh6 32. Nf4 Bxf4 33. Rxe3 Bxe3 34. Qc2 Bxc1 0-1

[Event "FIDE WCCC Open-12 2024"]
[Site "Montesilvano"]
[Date "2024.11.18"]
[Round "2.65"]
[White "Isakov, Amin"]
[Black "Lin, Alex Y"]
[Result "1-0"]
[ECO "D30"]
[WhiteElo "1698"]
[BlackElo "1943"]
[PlyCount "41"]
[EventDate "2024.11.18"]
[EventType "swiss"]
[EventCountry "ITA"]
[TimeControl "5400+30"]

1. d4 e6 2. c4 d5 3. Nf3 c6 4. Qc2 Be7 5. e3 Nf6 6. Bd3 O-O 7. Nbd2 dxc4 8. Nxc4 b5 9. Nce5 Nbd7 10. Nxc6 Qc7 11. Nxe7+ Kh8 12. Qxc7 Ne8 13. Qg3 h6 14. Ne5 Nxe5 15. dxe5 Bd7 16. Ng6+ fxg6 17. Qxg6 Kg8 18. Bd2 Nc7 19. Bb4 Rfe8 20. Qh7+ Kf7 21. Bg6# 1-0

[Event "FIDE WCCC Open-12 2024"]
[Site "Montesilvano"]
[Date "2024.11.18"]
[Round "2.66"]
[White "Mamarasulov, Husan"]
[Black "Chia, Yu Zhe Ashton"]
[Result "0-1"]
[ECO "A60"]
[WhiteElo "1407"]
[BlackElo "2252"]
[PlyCount "56"]
[EventDate "2024.11.18"]
[EventType "swiss"]
[EventCountry "ITA"]
[TimeControl "5400+30"]

1. d4 Nf6 2. c4 c5 3. d5 e6 4. Nc3 exd5 5. cxd5 d6 6. e4 Be7 7. Nf3 O-O 8. Be2 Re8 9. O-O Bf8 10. a4 Bg4 11. a5 Nbd7 12. a6 bxa6 13. Rxa6 Nxe4 14. Nxe4 Rxe4 15. Be3 Ne5 16. Nxe5 Bxe2 17. Qxe2 Rxe5 18. Qf3 Qc8 19. Rfa1 Qb7 20. Bf4 Qxa6 21. Rf1 Re2 22. Qc3 Rae8 23. Be3 Qb7 24. Rb1 Qxd5 25. Kf1 R8xe3 26. Qa5 Qd3 27. fxe3 Rxb2+ 28. Kg1 Qxb1+ 0-1

[Event "FIDE WCCC Open-12 2024"]
[Site "Montesilvano"]
[Date "2024.11.18"]
[Round "2.72"]
[White "Farzaleev, Daniyar"]
[Black "Williams, Henry"]
[Result "1-0"]
[ECO "A87"]
[WhiteElo "1622"]
[BlackElo "1695"]
[PlyCount "87"]
[EventDate "2024.11.18"]
[EventType "swiss"]
[EventCountry "ITA"]
[TimeControl "5400+30"]

1. d4 f5 2. Nf3 Nf6 3. g3 g6 4. Bg2 Bg7 5. O-O O-O 6. c4 d6 7. Nc3 Nbd7 8. Qb3 h6 9. Ne1 Re8 10. Bxb7 Rb8 11. c5+ Kh7 12. c6 Bxb7 13. cxb7 c6 14. Nf3 Qc7 15. Qc2 Qxb7 16. b3 e6 17. Ba3 d5 18. Rac1 Rbc8 19. Na4 Nb6 20. Nc5 Qc7 21. Ne5 Nfd7 22. Ncxd7 Nxd7 23. Qxc6 Qxc6 24. Nxc6 Rc7 25. e3 Rec8 26. Nxa7 Rxc1 27. Rxc1 Ra8 28. Rc7 Rd8 29. Be7 Rg8 30. Rxd7 g5 31. Bf6 Kh8 32. Bxg7+ Rxg7 33. Rxg7 Kxg7 34. a4 Kg6 35. a5 h5 36. a6 h4 37. Nc6 hxg3 38. hxg3 g4 39. a7 Kg5 40. a8=Q Kf6 41. Qf8+ Kg6 42. Ne5+ Kh5 43. Qg7 f4 44. Qg6# 1-0

[Event "FIDE WCCC Open-12 2024"]
[Site "Montesilvano"]
[Date "2024.11.18"]
[Round "2.73"]
[White "Sharafutdinov, Timur"]
[Black "Anuzis, Finas"]
[Result "1-0"]
[ECO "C42"]
[WhiteElo "1925"]
[BlackElo "1614"]
[PlyCount "49"]
[EventDate "2024.11.18"]
[EventType "swiss"]
[EventCountry "ITA"]
[TimeControl "5400+30"]

1. e4 e6 2. d4 d5 3. exd5 exd5 4. c4 dxc4 5. Bxc4 Nf6 6. Nf3 Be7 7. O-O O-O 8. Nc3 Bg4 9. Bf4 c5 10. d5 Nbd7 11. d6 Re8 12. dxe7 Qxe7 13. Bd6 Bxf3 14. gxf3 Qd8 15. Qb3 Rf8 16. Bxf8 Kxf8 17. Ne4 Ne5 18. Nxf6 Qxf6 19. Bd5 c4 20. Qxb7 Rd8 21. Rae1 Qf4 22. Rxe5 Qf6 23. Rfe1 Qg6+ 24. Kh1 Qf6 25. Qb4+ 1-0